 Dungeon Crawl Stone Soup version 0.21.0-25-ge575cb9ce8 (webtiles) character file.

91 Kalkom the Ruffian (level 4, -3/45 HPs)
             Began as a Troll Monk on Jan 26, 2018.
             Slain by Thargor's ghost (8 damage)
             ... on level 3 of the Dungeon.
             The game lasted 00:06:33 (1773 turns).

Kalkom the Ruffian (Troll Monk)                     Turns: 1773, Time: 00:06:33

Health: -3/45      AC:  5    Str: 20    XL:     4   Next: 34%
Magic:  3/3        EV: 10    Int:  6    God:
Gold:   82         SH:  0    Dex: 12    Spells: 3/3 levels left

rFire    . . .     SeeInvis .     - Unarmed
rCold    . . .     Gourm    +   (no shield)
rNeg     . . .     Faith    .   a - +0 robe
rPois    .         Spirit   .   (helmet restricted)
rElec    .         Reflect  .   (no cloak)
rCorr    .         Harm     .   (gloves unavailable)
MR       .....                  (boots unavailable)
Stlth    ++........             (no amulet)
HPRegen  0.55/turn              (no ring)
MPRegen  0.08/turn              (no ring)

@: no status effects
A: large, unfitting armour, claws 3, fast metabolism 3, gourmand, regeneration
1, shaggy fur 1, tough skin 2
a: no special abilities


You were on level 3 of the Dungeon.
You were full.

You visited 1 branch of the dungeon, and saw 4 of its levels.

You collected 82 gold pieces.

Inventory:

Missiles
 j - 24 stones (quivered)
Armour
 a - a +0 robe (worn)
 c - a +0 leather armour
 d - a +0 pair of gloves
 e - a +0 robe
Jewellery
 h - a cursed ring of loudness {unknown}
 i - an uncursed ring of magical power {unknown}
Scrolls
 f - a scroll of remove curse {unknown}
 g - 2 scrolls of fear
 k - a scroll of identify {unknown}
 l - a scroll of magic mapping {unknown}
Potions
 m - 2 potions of invisibility {unknown}
Comestibles
 b - 6 rations


   Skills:
 * Level 3.0 Fighting
 + Level 2.7 Dodging
 + Level 1.1 Stealth
 * Level 4.3 Unarmed Combat


You had 3 spell levels left.
You didn't know any spells.

Dungeon Overview and Level Annotations

Branches:
Dungeon (4/15)
 Temple: D:4-7

Altars:

Annotations:
D:3 Thargor's ghost, novice CeHu


Innate Abilities, Weirdness & Mutations

You are too large for most types of armour.
You have claws for hands.
Your metabolism is lightning-fast.
You like to eat raw meat.
Your natural rate of healing is unusually fast.
You are covered in fur. (AC +1)
You have very tough skin. (AC +2)


Message History

The bat hits you but does no damage. Thargor's ghost hits you!
The adder bites you.
You scratch Thargor's ghost.
Thargor's ghost is lightly damaged.
The bat closely misses you.
Thargor's ghost says, "Do you have an apple?
I have a shot I want to try."
Thargor's ghost hits you! The adder closely misses you.
You claw the adder!
You kill the adder!
The bat hits you but does no damage. Thargor's ghost hits you.
You claw Thargor's ghost!
Thargor's ghost is moderately damaged.
The bat barely misses you. Thargor's ghost hits you!
* * * LOW HITPOINT WARNING * * *
There are monsters nearby!
As you read the scroll labeled JORUUP IRCHUXI, it crumbles to dust.
You assume a fearsome visage.
The bat looks frightened!
Thargor's ghost is unaffected.
It was a scroll of fear.
Thargor's ghost hits you!
You die...

#.# #...#
#.#
#...#♣♣♣♣
#.#
#........
#.# <.....
#.#####..#
#........#
#######.##
#.## #.@#
#..W....#
#.......#
#.......#
#...b...#
#.......#
#.......#
#.......#


You could see Thargor's ghost and a bat (fleeing).

Vanquished Creatures
  2 adders (D:3)
  An adder skeleton (D:2)
  3 worms (D:2)
  3 dart slugs
  3 leopard geckos
  An orc (D:3)
  3 giant cockroaches
  8 goblins
  3 hobgoblins
  6 kobolds
  2 quokkas (D:2)
  A ball python (D:2)
  5 bats
  A frilled lizard (D:2)
  7 rats
49 creatures vanquished.

Notes
Turn   | Place    | Note
-------+----------+-------------------------------------------
     0 | D:1      | Kalkom the Troll Monk began the quest for the Orb.
     0 | D:1      | Reached XP level 1. HP: 22/22 MP: 0/0
   337 | D:1      | Reached XP level 2. HP: 29/29 MP: 1/1
   830 | D:2      | Reached XP level 3. HP: 34/36 MP: 2/2
  1477 | D:3      | Reached skill level 4 in Unarmed Combat
  1554 | D:3      | Reached XP level 4. HP: 45/45 MP: 3/3
  1758 | D:3      | Noticed Thargor's ghost (novice CeHu)
  1773 | D:3      | Slain by Thargor's ghost

Skill      XL: |  1  2  3 |
---------------+----------+-----
Unarmed Combat | 4 |  4.3
Fighting       | 3 |  3.0
Dodging        | |  2.7
Stealth        | |  1.1

Action                   |  1- 3 |  4- 6 || total
-------------------------+-------+-------++-------
Melee: Unarmed           |    79 |    31 ||   110
  Use: Scroll            |       |     1 ||     1
 Stab: Sleeping          |     2 |     2 ||     4
  Eat: Chunk             |     7 |     4 ||    11
       Ration            |     1 |     1 ||     2
Armor: Robe              |    25 |    17 ||    42
Dodge: Dodged            |    38 |    20 ||    58
